 Dungeon Crawl Stone Soup version 0.29.1-2-gbd0b4ee654 (webtiles) character file.

Game seed: 11780918707936176965

1575 Linkola the Thaumaturge (level 8, 0/41 HPs)
             Began as a Deep Elf Air Elementalist on Oct 24, 2022.
             Slain by a sky beast (6 damage)
             ... on level 5 of the Dungeon on Oct 25, 2022.
             The game lasted 00:28:09 (7717 turns).

Linkola the Thaumaturge (Deep Elf Air Elementalist) Turns: 7717, Time: 00:28:09

Health: 0/41       AC:  4    Str:  5    XL:     8   Next: 60%
Magic:  20/22      EV: 13    Int: 23    God:
Gold:   230        SH:  0    Dex: 15    Spells: 13/23 levels left

rFire   + . .      SeeInvis .   l - staff of fire
rCold   + . .      Faith    .   (no shield)
rNeg    . . .      Spirit   .   a - +0 robe
rPois   .          Reflect  .   (no helmet)
rElec   .          Harm     .   (no cloak)
rCorr   .          Rampage  .   m - +1 pair of gloves
Will    .....                   (no boots)
Stlth   ++........              (no amulet)
HPRegen 0.13/turn               p - ring of protection from cold
MPRegen 0.18/turn               e - ring of wizardry

@: no status effects
A: no striking features
a: no special abilities


You were on level 5 of the Dungeon.
You visited 1 branch of the dungeon, and saw 6 of its levels.
You also visited: Ossuary.

You collected 230 gold pieces.

Inventory:

Armour
 a - a +0 robe (worn)
 m - a +1 pair of gloves (worn)
Magical Staves
 l - a staff of fire (weapon)
Jewellery
 e - a ring of wizardry (right hand)
 p - a ring of protection from cold (left hand)
Wands
 b - a wand of quicksilver (14)
 f - a wand of mindburst (17)
 q - a wand of digging (5)
Scrolls
 c - 3 scrolls of blinking
 d - 3 scrolls of teleportation
 g - a scroll of magic mapping
Potions
 h - 2 potions of heal wounds
 i - a potion of brilliance
 j - 2 potions of flight
 k - 3 potions of curing
 n - a potion of attraction {unknown}
 o - 2 potions of haste


   Skills:
 + Level 0.4 Staves
 + Level 3.1 Dodging
 + Level 3.3 Stealth
 + Level 8.0 Spellcasting
 + Level 4.9 Conjurations
 + Level 7.2 Air Magic
 + Level 4.0 Evocations


You had 13 spell levels left.
You knew the following spells:

 Your Spells              Type           Power      Damage    Failure   Level
a - Shock                 Conj/Air       100%       1d9       1%          1
b - Static Discharge      Conj/Air       37%        3-8/arc   1%          2
c - Swiftness             Air            42%        N/A       1%          3
d - Airstrike             Air            21%        2d(3-19)  1%          4

Your spell library contained the following spells:

 Spells                   Type           Power      Damage    Failure   Level
 Blink                    Tloc           18%        N/A       4%          2
 Lesser Beckoning         Tloc           9%         N/A       9%          3
 Manifold Assault         Tloc           9%         N/A       56%         5


Dungeon Overview and Level Annotations

Branches:
Dungeon (6/15)             Temple (0/1) D:6         Ossuary (visited)

Altars:
Hepliaklqana
Qazlal
Xom

Annotations:
D:6 Eustachio


Message History

Something barely misses you.
Casting: Swiftness (safe; 1% risk of failure)
Confirm with . or Enter, or press ? or * to list all spells.
You can't see any susceptible monsters within range! (Use Z to cast anyway.)
Casting: Swiftness (safe; 1% risk of failure)
Confirm with . or Enter, or press ? or * to list all spells.
Some blue arcs ground themselves harmlessly.
Something hits you but does no damage.
Eustachio growls, "To hell with you, honourless miscreant!"
You miss something. Something hits you but does no damage.
Something hits you but does no damage.
Eustachio casts a spell.
You climb upwards.
Reactivating autopickup.
There is a stone staircase leading down here.
Something hits you but does no damage.
Deactivating autopickup; reactivate with Ctrl-A.
You barely miss something. Something hits you but does no damage.
Something hits you. Something shocks you.
You closely miss something. Your punch misses something.
Something barely misses you.
You hit something. Something hits you. Something shocks you.
You hit something. Something hits you. Something shocks you.
You closely miss something. Something hits you. Something shocks you.
* * * LOW HITPOINT WARNING * * *
Aiming: Shock (safe; 1% risk of failure)
Press: ? - help, Q - select action, (/) - cycle Shift-Dir - straight line The zap hits something.
A sky beast appears from thin air!
Reactivating autopickup.
The sky beast hits you but does no damage.
Aiming: Shock (safe; 1% risk of failure)
Press: ? - help, Q - select action, (/) - cycle Shift-Dir - straight line, f - sky beast
Aim: a sky beast (rain, severely wounded, 64% to hit)
The zap hits the sky beast.
The sky beast completely resists.
The sky beast is severely wounded.
The sky beast hits you.
* * * LOW HITPOINT WARNING * * *
The sky beast shocks you.
You die...

#..........##..## ##
#..........###..# #
#######..........# ##.####
##.....#.........## #..##.
##...............#######....
######.........................#.
#...............#..#.########.#..
##.###..........#..#.............
#.............Y@................
####..........##............†...
#.........###................
##.........##................
#..........#................
#...........................
#...........................
##...........................
##..........##.#.)..<..#.....#


You could see a sky beast.

Vanquished Creatures
  A water moccasin (D:5)
  Duvessa (D:6)
  An ice beast (D:6)
  3 black bears (D:5)
  A phantom (D:5)
  Blork the orc (D:4)
  2 scorpions
  A necrophage (D:4)
  Dowan (D:6)
  A centaur zombie (Ossuary)
  3 jellies
  2 human zombies (Ossuary)
  2 hounds
  An iguana (D:4)
  Natasha (thrice) (D:4)
  An orc wizard (D:4)
  2 hound zombies (Ossuary)
  3 mummies (Ossuary)
  9 adders
  A shadow imp (D:5)
  5 adder zombies (Ossuary)
  4 dart slugs
  An orc (D:4)
  4 bats
  10 endoplasms
  5 giant cockroaches
  A gnoll zombie (Ossuary)
  7 goblins
  6 hobgoblins
  4 jackals (D:1)
  5 quokkas
  5 ball pythons
  A frilled lizard (D:2)
  A goblin zombie (Ossuary)
  4 hobgoblin zombies (Ossuary)
  6 jackal zombies (Ossuary)
  4 kobolds
  4 kobold zombies (Ossuary)
  2 orc zombies (Ossuary)
  5 quokka zombies (Ossuary)
  4 rats
  A rat zombie (Ossuary)
129 creatures vanquished.

Notes
Turn   | Place    | Note
-------+----------+-------------------------------------------
     0 | D:1      | Linkola the Deep Elf Air Elementalist began the quest for
                  | the Orb.
     0 | D:1      | Reached XP level 1. HP: 10/10 MP: 6/6
   219 | D:1      | Reached XP level 2. HP: 2/15 MP: 1/8
   232 | D:1      | Learned a level 2 spell: Static Discharge
  1296 | D:1      | Reached XP level 3. HP: 19/19 MP: 8/10
  1580 | D:2      | Found a faded altar of an unknown god.
  2080 | D:2      | Learned a level 3 spell: Swiftness
  2138 | D:2      | Reached skill level 4 in Spellcasting
  2505 | D:2      | Reached XP level 4. HP: 22/24 MP: 7/12
  2510 | D:2      | Learned a level 4 spell: Airstrike
  3481 | D:3      | Reached XP level 5. HP: 27/28 MP: 4/13
  3871 | D:4      | Found a sand-covered staircase.
  3879 | Ossuary  | Entered an ossuary
  4244 | Ossuary  | Reached skill level 5 in Spellcasting
  4244 | Ossuary  | Reached skill level 5 in Air Magic
  4244 | Ossuary  | Reached skill level 1 in Evocations
  4348 | Ossuary  | Reached XP level 6. HP: 31/32 MP: 7/15
  5100 | D:4      | Noticed Blork the orc
  5107 | D:4      | Killed Blork the orc
  5187 | D:4      | Noticed Natasha
  5189 | D:4      | Killed Natasha
  5289 | D:4      | Reached XP level 7. HP: 28/36 MP: 6/17
  5631 | D:4      | Noticed Natasha
  5634 | D:4      | Killed Natasha
  5776 | D:4      | Found a shimmering altar of Xom.
  6279 | D:4      | Noticed Natasha
  6292 | D:4      | Killed Natasha
  6465 | D:5      | Entered Level 5 of the Dungeon
  6521 | D:5      | Found a stormy altar of Qazlal.
  6527 | D:5      | Reached skill level 6 in Spellcasting
  6634 | D:5      | Found a hazy altar of Hepliaklqana.
  6886 | D:5      | Reached XP level 8. HP: 41/41 MP: 13/19
  6993 | D:5      | Reached skill level 7 in Spellcasting
  7414 | D:6      | Noticed Duvessa
  7415 | D:6      | Noticed Dowan
  7420 | D:6      | Killed Duvessa
  7421 | D:6      | Killed Dowan
  7422 | D:6      | Reached skill level 8 in Spellcasting
  7538 | D:6      | Noticed Eustachio
  7540 | D:6      | Found a staircase to the Ecumenical Temple.
  7717 | D:5      | Slain by a sky beast

Illustrated notes

Levels and vault maps discovered:
D:1:      eino_arrival_water_star, layout_loops_corners, hangedman_decor_growths
D:2:      kb_forest_paths, layout_basic, chequers_ecumenical_altar_simple_redux
D:3:      layout_rooms, hex_tiny
D:4:      layout_layer_cave, enter_ossuary_2, minmay_ruined_shrine,
          uniq_natasha, uniq_blork_the_orc
D:5:      layout_rooms, mainiacjoe_overflow_small_starburst,
          mainiacjoe_overflow_concentric_impassable
D:6:      layout_loops_ring, minmay_temple_entry_glass, serial_glass,
          glass_columns_c, glass_columns_b, chequers_serial_rivers_micro_b,
          minivault_27, uniq_duvessa, uniq_eustachio

Skill      XL: |  1  2  3  4  5  6  7  8 |
---------------+-------------------------+-----
Spellcasting   | 4 5 6 8 |  8.0
Conjurations   | 2 3 4 |  4.9
Air Magic      | 4 5 6 7 |  7.2
Evocations     | 1 2 3 4 |  4.0
Stealth        | 3 |  3.3
Dodging        | 3 |  3.1
Staves         | |  0.4

Action                   |  1- 3 |  4- 6 |  7- 9 || total
-------------------------+-------+-------+-------++-------
Melee: Unarmed           |    21 |       |       ||    21
       Punch             |     1 |       |       ||     1
       Staff             |       |    14 |     7 ||    21
 Cast: Shock             |    90 |   144 |    54 ||   288
       Static Discharge  |     5 |    17 |    14 ||    36
       Airstrike         |       |     4 |    15 ||    19
       Swiftness         |       |       |     1 ||     1
Evoke: Wand              |       |       |     3 ||     3
  Use: Scroll            |     6 |     8 |     4 ||    18
       Potion            |       |     3 |       ||     3
Armor: Robe              |       |     8 |    11 ||    19
Dodge: Dodged            |    27 |    20 |    10 ||    57
